 Dungeon Crawl Stone Soup version 0.28.0 (webtiles) character file.

Game seed: 9876340419151990648

151582 KamiKatze the Severer (level 17, -3/168 HPs)
             Began as a Gargoyle Berserker on Feb 10, 2022.
             Was a High Priest of Trog.
             Shot with an arrow by a deep elf master archer (7 damage)
             ... on level 1 of the Elven Halls on Feb 11, 2022.
             The game lasted 03:29:54 (37907 turns).

KamiKatze the Severer (Gargoyle Berserker)         Turns: 37907, Time: 03:29:55

Health: -3/168     AC: 35    Str: 27    XL:     17   Next: 56%
Magic:  5/5        EV: 16    Int: 11    God:    Trog [*****.]
Gold:   2398       SH: 14    Dex: 14    Spells: 16/16 levels left

rFire   + . .      SeeInvis .   b - +2 broad axe (antimagic)
rCold   . . .      Faith    .   P - +0 kite shield
rNeg    + . .      Spirit   .   q - +0 chain mail {rF+}
rPois   ∞          Reflect  .   n - +1 helmet {Int+3}
rElec   +          Harm     .   l - +0 cloak {Will+}
rCorr   .          Rampage  .   y - +2 pair of gloves {Dex+3}
Will    ++...                   F - +1 pair of boots
Stlth   ..........              I - amulet of regeneration
HPRegen 1.18/turn               S - +4 ring of slaying
MPRegen 0.09/turn               D - +4 ring of evasion

@: berserking (expiring), flying, very quick
A: sickness immunity, AC +12, big wings, negative energy resistance 1,
electricity resistance, torment resistance 1, petrification resistance
a: Renounce Religion, Berserk, Trog's Hand, Brothers in Arms


You were on level 1 of the Elven Halls.
You worshipped Trog.
Trog was extremely pleased with you.
You visited 5 branches of the dungeon, and saw 25 of its levels.
You also visited: Gauntlet.

You collected 3111 gold pieces.
You spent 713 gold pieces at shops.

Inventory:

Hand Weapons
 a - a +2 vampiric war axe
 b - a +2 antimagic broad axe (weapon)
 e - a +0 hand axe of venom
 w - a +2 broad axe of flaming
Missiles
 g - 39 poisoned darts (quivered)
 u - 3 throwing nets
 C - 5 curare-tipped darts
Armour
 l - a +0 cloak of willpower (worn)
 n - a +1 helmet of intelligence (worn)
 q - a +0 chain mail of fire resistance (worn)
 y - a +2 pair of gloves of dexterity (worn)
 F - a +1 pair of boots (worn)
 P - a +0 kite shield (worn)
 X - a scarf of resistance
Jewellery
 k - a +4 ring of protection
 z - the ring "Ykyudiudgh" {rCorr Int+3 Stlth-}
   (You found it in a Gauntlet)

   [ring of resist corrosion]

   Int:       It affects your intelligence (+3).
   rCorr:     It protects you from acid and corrosion.
   Stlth:     It makes you less stealthy.
 A - a ring of ice
 D - a +4 ring of evasion (right hand)
 I - an amulet of regeneration (around neck)
 S - a +4 ring of slaying (left hand)
Wands
 o - a wand of charming (7)
 E - a wand of paralysis (3)
 H - a wand of polymorph (31)
 K - a wand of flame (76)
 M - a wand of iceblast (21)
 O - a wand of acid (15)
Scrolls
 f - 8 scrolls of vulnerability
 h - 3 scrolls of fear
 m - 12 scrolls of teleportation
 p - a scroll of holy word
 r - 8 scrolls of identify
 t - 3 scrolls of fog
 Q - 2 scrolls of magic mapping
 R - 3 scrolls of blinking
Potions
 d - 6 potions of lignification
 i - 9 potions of haste
 j - 3 potions of might
 s - 2 potions of invisibility
 v - 2 potions of cancellation
 x - 9 potions of heal wounds
 T - 11 potions of curing
Miscellaneous
 B - a lightning rod (4/4)
 L - a tin of tremorstones (2/2)
 V - a box of beasts
 Y - a phantom mirror
 Z - a phial of floods


   Skills:
 - Level 14.9 Fighting
 - Level 17.3 Axes
 - Level 12.2 Armour
 - Level 9.5 Dodging
 + Level 16.3 Shields
 - Level 3.0 Evocations


You had 16 spell levels left.
You didn't know any spells.
Your spell library was empty.

Dungeon Overview and Level Annotations

Branches:
Dungeon (15/15)            Temple (1/1) D:6            Lair (6/6) D:8
 Shoals (0/4) Lair:2       Spider (0/4) Lair:2        Slime (0/5) Lair:6
    Orc (2/2) D:9             Elf (1/3) Orc:2        Vaults (0/5) D:13
 Depths (0/4) D:15        Gauntlet (visited)

Altars:
Ashenzari
Cheibriados
Dithmenos
Elyvilon
Fedhas
Gozag
Hepliaklqana
Kikubaaqudgha
Makhleb
Nemelex Xobeh
Okawaru
Qazlal
Ru
Sif Muna
Trog
Uskayaw
Vehumet
Wu Jian
Xom
Yredelemnul
Zin
The Shining One
Beogh

Shops:
D:5 [   D:8 =   D:9 *   D:12 *   D:13 =   D:14 [   Orc:2 (!:?   Elf:1 (

Portals:
Trove: D:10 (give 12 potions of heal wounds)

Annotations:
D:5 dig translucent walls
Orc:1 2 transporters


Innate Abilities, Weirdness & Mutations

You are immune to sickness and miasma.
Your stone body is resilient. (AC +12)
You are immune to poison.
Your large and strong wings let you fly.
You resist negative energy. (rN+)
You are resistant to electric shocks. (rElec)
You are resistant to unholy torment.
You are immune to petrification.


Message History

The deep elf master archer is heavily wounded.
The deep elf master archer wields a +0 longbow.
The deep elf master archer shoots an arrow.
The arrow hits you!
* * * LOW HITPOINT WARNING * * *
You completely miss the deep elf master archer.
The deep elf master archer is heavily wounded.
The deep elf master archer shoots an arrow.
The arrow hits you!!
* * * LOW HITPOINT WARNING * * *
The deep elf master archer shoots an arrow.
The arrow hits you but does no damage.
A red film seems to cover your vision as you go berserk!
You feel yourself moving faster!
You feel mighty!
The deep elf master archer shoots an arrow.
The arrow hits you!!
* * * LOW HITPOINT WARNING * * *
The deep elf master archer shoots an arrow.
The arrow misses you.
You barely miss the deep elf master archer.
The deep elf master archer is moderately wounded.
The deep elf master archer shoots an arrow.
You block the arrow.
You closely miss the deep elf master archer.
The deep elf master archer is moderately wounded.
The deep elf master archer shoots an arrow.
The arrow hits you.
* * * LOW HITPOINT WARNING * * *
You barely miss the deep elf master archer.
The deep elf master archer is moderately wounded.
The deep elf master archer unwields a +0 longbow.
The deep elf master archer misses you.
You slice the deep elf master archer!!
The deep elf master archer is severely wounded.
You slice the deep elf master archer!!
The deep elf master archer is almost dead.
The deep elf master archer wields a +0 longbow.
The deep elf master archer shoots an arrow.
The arrow hits you!
You die...

#)## #####.#..###..
#.)# #.#....... ##)#
#.#.####.. #)###
#.#e#####. #)..#
#.....##.# ###.#
##.....###. #.#
#.......### ####e#####
#.......... #....@...#
#.......##.
#...#.#..#####.....###.
#####.#............# #.
#.##.#####.##### ##
#.##.# ##...## #
####.####.....# #
#....#........# #
..............## #
.............####


You could see a deep elf master archer.

Vanquished Creatures
  Jorgrun (D:12)
  Rupert (Lair:6)
  A deep elf blademaster (Elf:1)
  Kirke (D:11)
  A minotaur (Gauntlet)
  Fannar (D:12)
  Josephine (Orc:1)
  5 ogre magi
  Harold (D:11)
  2 boulder beetles (D:14)
  14 hydras
  2 catoblepae
  10 centaur warriors
  A death knight (D:14)
  Erica (D:9)
  6 dancing weapons (Elf:1)
  24 two-headed ogres
  4 death yaks
  A deep troll shaman (Lair:6)
  3 tengu warriors
  Urug (D:12)
  Sonja (D:13)
  6 deep elf knights
  A death drake (shapeshifter) (D:15)
  2 deep trolls
  6 deep elf archers
  4 orc knights
  15 deep elf zephyrmancers
  2 necromancers (D:15)
  4 lindwurms
  18 deep elf pyromancers
  An orc sorcerer (Orc:2)
  6 manticores
  2 ugly things
  6 cyclopes
  22 elephants
  A merfolk siren (Lair:2)
  2 black mambas
  Maurice (Orc:1)
  2 torpor snails
  A gargoyle (D:14)
  A rime drake (shapeshifter) (D:15)
  A guardian serpent (shapeshifter) (Elf:1)
  23 cane toads
  4 yaktaurs
  4 rime drakes
  17 komodo dragons
  3 unseen horrors
  2 freezing wraiths (D:14)
  8 trolls
  2 polar bears
  12 meliai
  2 wolf spider simulacra
  2 queen bees
  2 raiju (Gauntlet)
  4 hornets
  16 blink frogs
  12 slime creatures
  4 dream sheep (Lair:3)
  A jumping spider (shapeshifter) (D:14)
  2 spriggans (shapeshifter)
  A shadow (D:9)
  2 centaur simulacra (Gauntlet)
  An air elemental (Elf:1)
  46 yaks
  8 wyverns
  7 wraiths
  5 basilisks
  A fire elemental (Elf:1)
  4 hogs
  9 vampire mosquitoes (D:13)
  2 steam dragons
  10 wargs
  3 acid dragons
  A water moccasin (shapeshifter) (D:14)
  24 water moccasins
  A meliai simulacrum (D:14)
  8 black bears
  An ice beast (D:5)
  A hornet zombie (D:9)
  A sky beast (D:7)
  22 orc warriors
  2 necrophages
  26 ogres
  18 wolves
  6 centaurs
  A phantom (D:7)
  14 bullfrogs
  3 kobold brigands
  An earth elemental (D:12)
  A water moccasin zombie (D:5)
  A bullfrog (shapeshifter) (D:15)
  4 scorpions
  A hornet simulacrum (Gauntlet)
  59 killer bees
  7 wights
  4 howler monkeys
  3 centaur zombies
  3 jellies
  A centaur skeleton (D:7)
  8 hounds
  10 orc priests
  A gnoll shaman (D:5)
  Jessica (D:2)
  Terence (D:2)
  12 orc wizards
  3 iguanas
  2 lightning spires (Gauntlet)
  A killer bee zombie (D:7)
  4 howler monkey zombies
  A howler monkey skeleton (D:6)
  3 adders
  8 gnolls
  A river rat (Lair:4)
  A shadow imp (D:6)
  2 white imps
  An ufetubus (D:7)
  2 adder skeletons
  2 worms
  4 dart slugs
  42 orcs
  6 bats
  9 endoplasms
  4 giant cockroaches
  4 goblins
  12 hobgoblins
  6 jackals (D:4)
  4 quokkas
  5 ball pythons (D:1)
  2 frilled lizards (D:1)
  20 kobolds
  3 rats
  A butterfly (Lair:2)
806 creatures vanquished.

Vanquished Creatures (collateral kills)
  A two-headed ogre (D:13)
  A yaktaur (D:13)
2 creatures vanquished.

Vanquished Creatures (others)
  A dancing weapon (Elf:1)
  A deep elf knight (Elf:1)
  A deep elf pyromancer (Elf:1)
  42 fungi
  92 plants
  13 withered plants (Gauntlet)
150 creatures vanquished.

Grand Total: 958 creatures vanquished

Notes
Turn   | Place    | Note
-------+----------+-------------------------------------------
     0 | D:1      | KamiKatze the Gargoyle Berserker began the quest for the
                  | Orb.
     0 | D:1      | Reached XP level 1. HP: 14/14 MP: 1/1
   229 | D:1      | Reached skill level 3 in Axes
   267 | D:1      | Found a faded altar of an unknown god.
   301 | D:1      | Reached XP level 2. HP: 17/19 MP: 2/2
   562 | D:1      | Reached XP level 3. HP: 18/24 MP: 3/3
   720 | D:1      | Reached ** piety under Trog
  1063 | D:2      | Found an ancient bone altar of Kikubaaqudgha.
  1258 | D:2      | Noticed Jessica
  1420 | D:2      | Reached XP level 4. HP: 16/29 MP: 4/4
  1493 | D:2      | Killed Jessica
  1494 | D:2      | Reached skill level 4 in Axes
  1645 | D:2      | Noticed Terence
  1655 | D:2      | Killed Terence
  1726 | D:3      | Reached XP level 5. HP: 19/34 MP: 5/5
  2144 | D:3      | You fall into a shaft and drop 1 floor!
  2421 | D:4      | Reached skill level 5 in Axes
  2466 | D:4      | Reached *** piety under Trog
  2467 | D:4      | Reached XP level 6. HP: 32/40 MP: 6/6
  3305 | D:5      | Entered Level 5 of the Dungeon
  3324 | D:5      | Reached skill level 5 in Fighting
  3341 | D:5      | Noticed an ice beast
  3351 | D:5      | Killed an ice beast
  3356 | D:5      | Reached skill level 6 in Axes
  3356 | D:5      | Reached XP level 7. HP: 42/44 MP: 7/7
  3522 | D:5      | Found Leynu's Antique Armour Emporium.
  3882 | D:5      | Reached skill level 7 in Axes
  3941 | D:5      | Reached XP level 8. HP: 23/52 MP: 8/8
  4621 | D:6      | Found a staircase to the Ecumenical Temple.
  4936 | D:6      | Reached skill level 8 in Axes
  5925 | D:7      | Noticed a hornet
  6230 | D:7      | Reached XP level 9. HP: 54/58 MP: 9/9
  6253 | D:7      | Noticed a cyclops
  6271 | D:7      | Reached skill level 9 in Axes
  6280 | D:7      | Killed a cyclops
  6361 | D:7      | Killed a hornet
  6432 | D:7      | Identified the +3 spear of the Protecting Queen {vorpal,
                  | rElec rPois rF+ Int-3}
  6450 | D:7      | Reached **** piety under Trog
  6465 | D:7      | Found a burning altar of Makhleb.
  6465 | D:7      | Noticed a green death
  6468 | D:7      | Noticed a hellwing
  6468 | D:7      | Noticed a smoke demon
  6567 | Temple   | Entered the Ecumenical Temple
  6753 | D:7      | Reached skill level 10 in Axes
  7134 | D:8      | Reached XP level 10. HP: 66/66 MP: 10/10
  7440 | D:8      | Reached skill level 11 in Axes
  7449 | D:8      | Found a staircase to the Lair.
  7451 | D:8      | Noticed a two-headed ogre
  7472 | D:8      | Killed a two-headed ogre
  7904 | D:8      | Found Aseaschao's Jewellery Boutique.
  8184 | D:8      | Reached skill level 10 in Fighting
  8676 | D:9      | Reached ***** piety under Trog
  8730 | D:9      | Noticed a centaur warrior
  8754 | D:9      | Killed a centaur warrior
  8870 | D:9      | Reached XP level 11. HP: 42/72 MP: 11/11
  9105 | D:9      | Found Useud's General Store.
  9139 | D:9      | Reached skill level 5 in Armour
  9173 | D:9      | Reached skill level 12 in Axes
  9173 | D:9      | Reached skill level 1 in Evocations
  9223 | D:9      | Found a staircase to the Orcish Mines.
  9255 | D:9      | Noticed a red ugly thing
  9287 | D:9      | Killed a red ugly thing
  9448 | D:9      | Noticed a two-headed ogre
  9488 | D:9      | Killed a two-headed ogre
  9618 | Lair:1   | Entered Level 1 of the Lair of Beasts
  9989 | D:9      | Identified the +5 quarterstaff "Wulic" {protect, Int+4
                  | Stlth+}
 10104 | D:9      | Noticed Erica
 10117 | D:9      | Killed Erica
 10905 | Lair:1   | Noticed an eight-headed hydra
 10918 | Lair:1   | Killed a seven-headed hydra
 11162 | Lair:2   | Noticed a catoblepas
 11350 | Lair:2   | Found a glowing golden altar of the Shining One.
 11356 | Lair:2   | Noticed a seven-headed hydra
 11375 | Lair:2   | Killed a one-headed hydra
 11717 | Lair:2   | Killed a catoblepas
 11854 | Lair:2   | Reached XP level 12. HP: 44/80 MP: 12/12
 11870 | Lair:2   | Reached skill level 5 in Dodging
 11999 | Lair:2   | Reached skill level 13 in Axes
 12336 | Lair:2   | Found a staircase to the Shoals.
 12394 | Lair:2   | Found a hole to the Spider Nest.
 13180 | Lair:3   | Noticed a five-headed hydra
 14233 | Lair:2   | Reached skill level 14 in Axes
 14544 | Lair:3   | Reached XP level 13. HP: 81/86 MP: 13/13
 15462 | Lair:3   | Identified the +12 rapier of the Wasteland {holy, rF+}
 16740 | Lair:4   | Reached skill level 15 in Axes
 17560 | Lair:4   | Received a gift from Trog
 17684 | Lair:4   | Gained mutation: Your large and strong wings let you fly.
                  | [Gargoyle growth]
 17684 | Lair:4   | Reached XP level 14. HP: 90/94 MP: 14/14
 17970 | Lair:5   | Reached skill level 10 in Armour
 18923 | Lair:6   | Entered Level 6 of the Lair of Beasts
 19772 | Lair:6   | Found a staircase to the Slime Pits.
 19897 | Lair:6   | Reached skill level 16 in Axes
 19992 | Lair:6   | Noticed Rupert
 20209 | Lair:5   | Received a gift from Trog
 20452 | Lair:5   | Identified the +6 short sword of the Nine Xenops {vorpal,
                  | rElec rN+++ Str-4 Stlth+}
 20819 | D:5      | Bought a runed cloak for 195 gold pieces
 20824 | D:5      | Bought a pair of glowing boots for 195 gold pieces
 20992 | D:9      | Bought a scroll of identify for 22 gold pieces
 21000 | Orc:1    | Entered Level 1 of the Orcish Mines
 21144 | Orc:1    | Noticed Josephine
 21165 | Orc:1    | Killed Josephine
 21327 | Orc:1    | Found a transporter.
 21329 | Orc:1    | Noticed an orc warlord
 21329 | Orc:1    | Noticed a stone giant
 21345 | Orc:1    | Found a transporter.
 21412 | Orc:2    | Entered Level 2 of the Orcish Mines
 21800 | Orc:2    | Found a staircase to the Elven Halls.
 21966 | Orc:2    | Reached XP level 15. HP: 32/100 MP: 5/15
 22399 | Orc:2    | Paralysed by something for 7 turns
 22779 | Orc:2    | Paralysed by an ogre mage for 7 turns
 23520 | Orc:2    | Found Deasos's Distillery.
 23520 | Orc:2    | Found Acote Refi's Magic Scroll Shoppe.
 23534 | Orc:2    | Found Huixtoma's Weapon Emporium.
 23534 | Orc:2    | Found Beorrigh's Book Shop.
 23701 | Orc:1    | Received a gift from Trog
 23731 | Orc:1    | Noticed Maurice
 23873 | D:10     | Entered Level 10 of the Dungeon
 23881 | D:10     | Found a portal to a secret trove of treasure.
 24566 | D:10     | Reached skill level 17 in Axes
 24723 | D:11     | Noticed Harold
 24731 | D:11     | Killed Harold
 25273 | Orc:1    | Killed Maurice
 26230 | D:12     | Found Qero's Pet Rocks.
 26288 | D:12     | Identified the +6 short sword of Tant {spect, rF+}
 26438 | D:12     | Noticed Kirke
 26666 | D:11     | Killed Kirke
 26929 | D:12     | Found an iron altar of Okawaru.
 26937 | D:12     | Noticed Urug
 26960 | D:12     | Killed Urug
 27123 | D:12     | Noticed Jorgrun
 27132 | D:12     | Killed Jorgrun
 27466 | D:12     | Noticed Fannar
 27490 | D:12     | Killed Fannar
 27896 | D:12     | Reached skill level 1 in Shields
 28188 | D:12     | Identified the +4 battleaxe "Xeohikleop" {flame, Contam rN+
                  | Will+ Dex+7} (Trog gifted it to you on level 12 of the
                  | Dungeon)
 28188 | D:12     | Received a gift from Trog
 28575 | D:12     | Identified the +7 ring mail of Tulips {Rampage Str+2 Int+2}
 28920 | D:13     | Found a gate leading to a gauntlet.
 28942 | Gauntlet | Entered a Gauntlet
 28942 | Gauntlet | Found a transporter.
 28942 | Gauntlet | Found a transporter.
 28950 | Gauntlet | Found a transporter.
 28966 | Gauntlet | Found a transporter.
 28996 | Gauntlet | Found a transporter.
 29010 | Gauntlet | Found a transporter.
 29032 | Gauntlet | Found a transporter.
 29107 | Gauntlet | Found a transporter.
 29142 | Gauntlet | Found a transporter.
 29156 | Gauntlet | Found a transporter.
 29189 | Gauntlet | Found a transporter.
 29196 | Gauntlet | Found a transporter.
 29216 | Gauntlet | Found a transporter.
 29230 | Gauntlet | Found a transporter.
 29272 | Gauntlet | Found a transporter.
 29296 | Gauntlet | Found a transporter.
 29634 | Gauntlet | Identified the ring "Ykyudiudgh" {rCorr Int+3 Stlth-}
 29737 | Gauntlet | Identified the +9 hand axe of Quick Death {freeze, Dex+4}
 29737 | Gauntlet | Identified the +7 longbow of the Yoke {freeze, Fly rF+++
                  | Str+4 Stlth-}
 29759 | Gauntlet | Identified the +1 ring mail "Xuroylocw" {Harm rF+}
 29866 | D:13     | Reached skill level 5 in Shields
 29866 | D:13     | Reached XP level 16. HP: 106/107 MP: 5/16
 29868 | D:13     | Found Odoul's Jewellery Shop.
 29894 | D:13     | Noticed Sonja
 29901 | D:13     | Killed Sonja
 30399 | D:14     | Found Zatturekh's Armour Boutique.
 30482 | D:14     | Bought a +2 pair of gloves of dexterity for 301 gold pieces
 31309 | D:13     | Found a gate to the Vaults.
 32179 | D:14     | Received a gift from Trog
 32248 | D:14     | Identified the +7 chain mail of the Meadowlark {Int+3 SInv
                  | Stlth-}
 33010 | D:14     | Reached skill level 10 in Shields
 33535 | D:14     | Identified the +3 kite shield of Grottiness {rF+ Will-
                  | Int+5}
 34025 | D:15     | Entered Level 15 of the Dungeon
 34315 | D:15     | Found a radiant altar of Vehumet.
 34383 | D:15     | Found a staircase to the Depths.
 35951 | Lair:6   | Killed Rupert
 36354 | Lair:6   | Reached XP level 17. HP: 112/112 MP: 17/17
 36449 | Lair:6   | Identified the +6 hand axe of Discord {vorpal, rC++} (Trog
                  | gifted it to you on level 6 of the Lair of Beasts)
 36449 | Lair:6   | Received a gift from Trog
 36751 | Elf:1    | Entered Level 1 of the Elven Halls
 37135 | Elf:1    | Reached skill level 15 in Shields
 37174 | Elf:1    | Paralysed by an air elemental for 1 turns
 37300 | Elf:1    | Found Efytegg's Antique Weapon Shop.
 37794 | Elf:1    | Noticed a deep elf blademaster
 37832 | Elf:1    | Killed a deep elf blademaster
 37841 | Elf:1    | Reached ****** piety under Trog
 37841 | Elf:1    | Received a gift from Trog
 37894 | Elf:1    | Noticed a deep elf master archer
 37902 | Elf:1    | HP: 5/168 [deep elf master archer/arrow (23)]
 37904 | Elf:1    | HP: 2/168 [deep elf master archer/arrow (4)]
 37907 | Elf:1    | Shot with an arrow by a deep elf master archer

Illustrated notes

Levels and vault maps discovered:
D:1:      amcnicky_arrival_choice, layout_basic,
          dilly_ecumenical_altar_fadedgnrine, serial_bayou_pond_b,
          minmay_heptomino_w4
D:2:      layout_rooms, basic_altar, uniq_jessica, uniq_terence
D:3:      layout_basic
D:4:      layout_gridville, hangedman_decor_riveting, minmay_circle_x
D:5:      layout_basic, serial_shops, shop_statue, serial_glass,
          glass_columns_a, glass_columns_a, minmay_strange_pillars,
          due_unseen_surprise, item_on_display_b, hangedman_glass_teeth,
          grunt_ministairs_9, chequers_serial_rivers_small_3
D:6:      layout_loops_corners, minmay_temple_entry_trees,
          roderic_serpentine_path, hangedman_abyss_or_decor_stabs, sigmund_army
D:7:      layout_cave_pools, makhleb_altar_promises_db,
          kennysheep_generic_room_16
D:8:      layout_basic, erik_lair_island, serial_shops, shop,
          grunt_ministairs_15, kennysheep_another_room
D:9:      minmay_opposing_rooms, layout_basic, minmay_orc_entry_guard_dogs,
          serial_shops, nicolae_shop_crystal, uniq_erica
D:10:     layout_roguey, nicolae_trove_entry_crossroad
D:11:     layout_long_grid, uniq_harold
D:12:     evilmike_iron_armoury, layout_gridville, guppyfry_shop_earth,
          uniq_kirke, uniq_jorgrun, uniq_urug, uniq_fannar
D:13:     layout_roguey, hangedman_vaults_entry_quadrant_bands, serial_shops,
          shop, gauntlet_entry_generic, minmay_stone_trees_medium,
          roderic_st_hans_cross, uniq_sonja
D:14:     minmay_the_grid_octo_tiled_octocenter_mashed
          [minmay_the_grid_octo_checkerflower, minmay_the_grid_octo_clover,
          minmay_the_grid_octo_fan_narrow, minmay_the_grid_octo_empty,
          minmay_the_grid_octo_prize_square_snowflake,
          minmay_the_grid_square_5x5_minivault,
          minmay_the_grid_square_5x5_dogpile, minmay_the_grid_square_5x5_c,
          minmay_the_grid_square_5x5_broken_cross], layout_basic, serial_shops,
          nicolae_shop_stone
D:15:     hangedman_depths_entry_civil_slaughter, layout_gridville,
          statue_in_the_mist_lemuel, vehumet_altar_wand_db
Temple:   nicolae_temple_the_god_donut
Lair:1:   wander_river, layout_cave_pods, infiniplex_staircase_pool
Lair:2:   layout_roguey, minmay_shoals_entry_lonely_mermaid,
          hellmonk_spider_entry_not_the_bees, basic_altar, lemuel_fruit_fields,
          infiniplex_staircase_pool_2
Lair:3:   nzn_winding_woodlands_stair_cross [nzn_winding_woodlands_5x15_default,
          nzn_winding_woodlands_center_pierced_h,
          nzn_winding_woodlands_5x15_pool, nzn_winding_woodlands_5x5_open_star,
          nzn_winding_woodlands_hourglass, nzn_winding_woodlands_5x15_longhouse,
          nzn_winding_woodlands_center_diamonds,
          nzn_winding_woodlands_5x15_crooked], layout_concentric_octagons,
          beast_lair_carwin_10
Lair:4:   regret_index_combs_of_tragedy, layout_gridlike
Lair:5:   cheibrodos_lair_overgrown_chateau, layout_regular_city,
          grunt_megastairs_2
Lair:6:   grunt_lair_end_beastmaster, layout_regular_city,
          minmay_slime_entry_pillars, uniq_rupert
Orc:1:    gammafunk_beogh_shrine, layout_caves, uniq_maurice, uniq_josephine
Orc:2:    st_orc_ogre_mass, layout_caves
Elf:1:    minmay_elf_arrival_summoners, layout_loops_cross, serial_shops,
          nicolae_shop_hallway_stairs, minmay_elf_sorcery,
          nicolae_elf_martial_mastery

Skill      XL: |  1  2  3  4  5  6  7  8  9 10 11 12 13 14 15 16 17 |
---------------+----------------------------------------------------+-----
Axes           | 3 4 5 6 7 8 10 11 12 14 15 16 17 | 17.3
Fighting       | 4 5 6 7 9 10 11 12 13 14 | 14.9
Dodging        | 3 4 6 7 8 9 |  9.5
Armour         | 4 6 8 9 11 12 | 12.2
Evocations     | 3 |  3.0
Shields        | 5 13 16 | 16.3

Action                   |  1- 3 |  4- 6 |  7- 9 | 10-12 | 13-15 | 16-18 || total
-------------------------+-------+-------+-------+-------+-------+-------++-------
Melee: Hand axe          |   116 |   213 |   434 |   519 |  1095 |    22 ||  2399
       Punch             |       |     2 |     6 |    15 |    45 |       ||    68
       War axe           |       |       |       |   400 |    54 |   386 ||   840
       Scimitar          |       |       |       |     9 |    48 |       ||    57
       Broad axe         |       |       |       |       |   539 |   502 ||  1041
Throw: Stone             |     9 |       |       |     1 |     3 |       ||    13
       Dart              |       |       |       |    13 |    53 |       ||    66
Invok: Berserk           |     2 |     1 |     6 |    14 |    11 |     9 ||    43
       Trog's Hand       |       |       |       |     4 |     7 |     3 ||    14
       Brothers in Arms  |       |       |       |       |       |     1 ||     1
Evoke: Tin of tremorston |       |       |       |     2 |       |       ||     2
       Phantom mirror    |       |       |       |     1 |       |       ||     1
       Wand              |       |       |       |       |     1 |     1 ||     2
  Use: Scroll            |       |       |     9 |    12 |     7 |     1 ||    29
       Potion            |       |       |       |     2 |     2 |     1 ||     5
 Stab: Sleeping          |     1 |       |       |       |       |       ||     1
       Petrified         |       |       |       |     2 |       |       ||     2
       Distracted        |       |       |       |       |     1 |       ||     1
       Paralysed         |       |       |       |       |       |     2 ||     2
Armor: Animal skin       |    52 |     2 |       |       |       |       ||    54
       Scale mail        |       |    94 |   201 |   565 |   516 |       ||  1376
       Chain mail        |       |       |       |       |   276 |   456 ||   732
       Acid dragon scale |       |       |       |       |     1 |       ||     1
Dodge: Dodged            |    74 |   102 |   202 |   492 |  1170 |   432 ||  2472
Block: Buckler           |       |       |       |       |    10 |   171 ||   181
       Kite shield       |       |       |       |       |       |   135 ||   135
